 Dungeon Crawl Stone Soup version 0.14-a0-2564-g94087c3 (webtiles) character file.

133183 4tharraofdagon the Pyromancer (level 16, -1/164 HPs)
             Began as a Djinni Fire Elementalist on Feb 11, 2014.
             Was the Champion of Makhleb.
             Slain by a merfolk
             ... wielding a +0,+0 trident
              (11 damage)
             ... on Level 5 of the Shoals.
             The game lasted 02:46:46 (15256 turns).

4tharraofdagon the Pyromancer (DjFE)               Turns: 15256, Time: 02:46:46

HP  -1/164 (129) AC  9     Str 13      XL: 16   Next: 55%
MP   0/0         EV 11     Int 20      God: Makhleb [******]
Gold 1835        SH 10     Dex 14      Spells: 12 memorised,  2 levels left

rFire  + + +     SeeInvis +     K - staff of fire
rCold  . . .     Clarity  .     R - +3 troll leather armour
rNeg   + + +     Conserve .     S - +0 buckler
rPois  .         rCorr    .     (helmet restricted)
rElec  +         rRot     .     H - +1 cloak of Jodghire {+Rage +Fly MR+ SInv}
SustAb . .       Spirit   .     (no gloves)
rMut   .         Warding  .     (boots unavailable)
Saprov . . .     Rnd*Tele +     (no amulet)
MR     ++...                    U - ring of wizardry
                                m - ring of protection from cold

@: regenerating, flying, studying Air Magic, very slightly contaminated, very
resistant to hostile enchantments, fairly stealthy
A: fire immunity, cold vulnerability, antennae 1, life protection 3, sense
surroundings 1, robust 2, electricity resistance, strong 1, teleportitis 1
a: Minor Destruction, Lesser Servant of Makhleb, Major Destruction, Greater
Servant of Makhleb, Renounce Religion


You were on level 5 of the Shoals.
You worshipped Makhleb.
Makhleb was exalted by your worship.
You were not hungry.

You visited 6 branches of the dungeon, and saw 38 of its levels.

You collected 3184 gold pieces.
You spent 1349 gold pieces at shops.

Inventory:

Armour
 H - the +1 cloak of Jodghire (worn) {+Rage +Fly MR+ SInv}
   (You found it on level 3 of the Elven Halls)

   It affects your resistance to hostile enchantments.
   It enhances your eyesight.
   It lets you fly.
   It lets you go berserk.
 R - a +3 troll leather armour (worn)
 S - a +0 buckler (worn)
Magical devices
 r - a wand of cold (5)
 s - a wand of fire (6)
 G - a wand of disintegration (12)
 Y - a wand of cold (2)
Scrolls
 e - 2 scrolls of amnesia
 g - a scroll of fog
 i - 5 scrolls of teleportation
 n - a scroll of recharging
 o - 4 scrolls of remove curse
 x - 3 scrolls of noise
 C - 6 scrolls of identify
 F - 2 scrolls of magic mapping
 Z - 3 scrolls of blinking
Jewellery
 f - an uncursed amulet of clarity
 m - a ring of protection from cold (left hand)
 p - an uncursed ring of see invisible
 u - an uncursed ring of magical power
 v - an uncursed amulet of stasis
 y - an uncursed ring of magical power
 D - an uncursed amulet of resist corrosion
 U - a ring of wizardry (right hand)
Potions
 c - a potion of magic
 d - 5 potions of heal wounds
 h - 5 potions of curing
 j - a potion of invisibility
 z - 2 potions of might
 A - a potion of resistance
 B - 2 potions of restore abilities
 N - 4 potions of brilliance
 T - a potion of lignification
Books
 a - a book of Fire

   Spells                             Type                      Level
   Fire Brand                         Charms/Fire                  2
   Ignite Poison                      Fire/Transmutation           5
   *Fireball                          Conjuration/Fire             5
   Bolt of Fire                       Conjuration/Fire             6
   *Delayed Fireball                  Conjuration/Fire             7
   Ring of Flames                     Charms/Fire                  7
 b - the Catalogue of the Unstable Blaze
   (You found it on level 3 of the Elven Halls)

   Spells                             Type                      Level
   Flame Tongue                       Conjuration/Fire             1
   *Apportation                       Translocation                1
   Inner Flame                        Hexes/Fire                   3
   Portal Projectile                  Translocation                3
   Bolt of Magma                      Conjuration/Fire/Earth       5
   Dispersal                          Translocation                6
 k - a book of Minor Magic

   Spells                             Type                      Level
   Magic Dart                         Conjuration                  1
   *Blink                             Translocation                2
   Call Imp                           Summoning                    2
   *Repel Missiles                    Charms/Air                   2
   Slow                               Hexes                        2
   *Conjure Flame                     Conjuration/Fire             3
   Mephitic Cloud                     Conjuration/Poison/Air       3
 l - a book of Alchemy

   Spells                             Type                      Level
   Lethal Infusion                    Charms/Necromancy            2
   *Sublimation of Blood              Necromancy                   2
   Condensation Shield                Ice                          4
   Alistair's Intoxication            Transmutation/Poison         4
   Petrify                            Transmutation/Earth          4
   Ignite Poison                      Fire/Transmutation           5
 E - a book of Conjurations

   Spells                             Type                      Level
   Magic Dart                         Conjuration                  1
   Searing Ray                        Conjuration                  2
   Dazzling Spray                     Conjuration/Hexes            3
   Iskenderun's Mystic Blast          Conjuration                  4
   *Iskenderun's Battlesphere         Conjuration/Charms           4
   Fulminant Prism                    Conjuration/Hexes            5
 I - a book of Enchantments

   Spells                             Type                      Level
   Cause Fear                         Hexes                        4
   Silence                            Hexes/Air                    5
   Tukima's Dance                     Hexes                        5
   Deflect Missiles                   Charms/Air                   6
   Haste                              Charms                       6
   Discord                            Hexes                        8
 L - a book of Dreams

   Spells                             Type                      Level
   Ensorcelled Hibernation            Hexes/Ice                    2
   Flight                             Charms/Air                   3
   Phase Shift                        Translocation                5
   Shadow Creatures                   Summoning                    5
   Mass Confusion                     Hexes                        6
   Darkness                           Hexes                        7
 M - a book of the Sky

   Spells                             Type                      Level
   Flight                             Charms/Air                   3
   Airstrike                          Air                          4
   Silence                            Hexes/Air                    5
   Deflect Missiles                   Charms/Air                   6
   Conjure Ball Lightning             Conjuration/Air              6
   Tornado                            Air                          9
 P - a book of Ice

   Spells                             Type                      Level
   Freezing Aura                      Charms/Ice                   2
   Ensorcelled Hibernation            Hexes/Ice                    2
   Ozocubu's Refrigeration            Ice                          6
   Bolt of Cold                       Conjuration/Ice              6
   *Freezing Cloud                    Conjuration/Ice/Air          6
   Metabolic Englaciation             Hexes/Ice                    6
   Simulacrum                         Ice/Necromancy               6
 Q - a book of Necromancy

   Spells                             Type                      Level
   Pain                               Necromancy                   1
   Animate Skeleton                   Necromancy                   1
   Lethal Infusion                    Charms/Necromancy            2
   Vampiric Draining                  Necromancy                   3
   *Regeneration                      Charms/Necromancy            3
   Animate Dead                       Necromancy                   4
   Control Undead                     Necromancy                   4
 W - a book of the Earth

   Spells                             Type                      Level
   Dig                                Earth                        4
   Leda's Liquefaction                Hexes/Earth                  4
   Bolt of Magma                      Conjuration/Fire/Earth       5
   Statue Form                        Transmutation/Earth          6
   *Iron Shot                         Conjuration/Earth            6
   Shatter                            Earth                        9
 X - a manual of Air Magic
Magical staves
 t - an uncursed staff of power
 w - an uncursed staff of earth
 K - an uncursed staff of fire (weapon)
Miscellaneous
 q - a plain deck of war {Foxfire}
 J - a phial of floods
Rods
 O - a +4 rod of warding (9/9)
   (You found it on level 15 of the Dungeon)


   Skills:
 - Level 9.0 Fighting
 - Level 1.7 Dodging
 - Level 1.5 Stealth
 - Level 3.5 Shields
 + Level 13.7 Spellcasting
 * Level 18.0 Conjurations
 - Level 4.0 Charms
 - Level 1.4 Necromancy
 - Level 1.0 Translocations
 * Level 21.4 Fire Magic
 - Level 6.3 Air Magic


You had 2 spell levels left.
You knew the following spells:

 Your Spells              Type           Power        Failure   Level  Hunger
a - Delayed Fireball      Conj/Fire      N/A          1%          7    #######
b - Conjure Flame         Conj/Fire      #######.     0%          3    None
c - Sticky Flame          Conj/Fire      #######.     1%          4    None
d - Fireball              Conj/Fire      #######...   1%          5    ###....
e - Regeneration          Chrm/Necr      ###.......   4%          3    None
f - Iskenderun's Battles  Conj/Chrm      ######..     1%          4    None
g - Iron Shot             Conj/Erth      #####.....   16%         6    #####..
h - Apportation           Tloc           ###.......   3%          1    None
i - Sublimation of Blood  Necr           ###.......   3%          2    None
j - Freezing Cloud        Conj/Ice/Air   ###.......   22%         6    #####..
k - Repel Missiles        Chrm/Air       ####..       1%          2    None
l - Blink                 Tloc           N/A          4%          2    None


Dungeon Overview and Level Annotations

Branches:
Dungeon (16/16)            Temple (0/1) D:6             Orc (4/4) D:10
    Elf (3/3) Orc:3          Lair (8/8) D:10         Shoals (5/5) Lair:5
  Snake (0/5) Lair:5       Vaults (0/5) D:14         Depths (2/6) D:16
  Slime: Lair:6-8

Altars:
Elyvilon
Makhleb
Trog
Xom
Zin
Beogh

Shops:
D:7 *   D:11 =   Orc:4 }%%*   Elf:3 *   Shoals:4 :

Portals:
Abyss: Depths:1
Pandemonium: Depths:1


Innate Abilities, Weirdness & Mutations

You are immune to all types of fire, even holy and hellish.
You are vulnerable to cold.
You need no food.
You have no legs.
You are immune to negative energy.
You have a pair of small antennae on your head.
You passively map a small area around you.
You are very robust (+20% HP).
You are resistant to electric shocks.
Your muscles are strong. (Str +2)
Space occasionally distorts in your vicinity.


Message History

You are knocked back by the great wave of water.
The wave splashes down.
The merfolk hits you from afar with a trident.
* * * LOW HITPOINT WARNING * * *
The merfolk javelineer throws a javelin.
The javelin hits you!
* * * LOW HITPOINT WARNING * * *
You hear a splash.
Unknown command.
Unknown command.
Read which item? (? for menu, Esc to quit)
You cannot teleport right now.
Read which item? (? for menu, Esc to quit)
Okay, then.
Read which item? (? for menu, Esc to quit)
Okay, then.
Remove which piece of jewellery? (? for menu, Esc to quit)
You remove your amulet of stasis.
The merfolk hits you from afar with a trident!
You die...

≈ * .≈≈≈≈≈≈≈≈≈≈≈PPPP≈≈#
##.......≈≈≈≈≈≈P≈P≈≈#
##........≈≈≈≈....≈≈≈% ≈
≈≈≈≈........≈#####..)%# ≈
≈≈≈≈≈≈≈≈..§..# ...##.≈≈#
≈≈≈≈≈≈≈≈.....#m....#.≈≈≈
≈
≈≈≈≈≈≈≈...).(mm.φ..#..≈≈
≈≈≈≈≈≈≈≈≈≈§...#.H...#...≈
*
≈≈≈≈≈≈≈≈@≈§.).##...##..<.
*
≈≈≈≈≈≈≈≈≈≈.....#####.....
≈≈≈≈≈≈..m...............
≈≈≈≈≈...≈≈..............
* ≈
≈≈≈≈....≈≈≈≈≈...........
≈≈≈.###..≈≈≈≈≈......... ≈
≈≈≈. #...≈≈≈≈≈≈....... ≈≈
...≈≈≈≈≈≈≈≈.<....
<.≈≈≈≈≈≈≈≈≈≈.....


You could see 2 merfolk impalers, a merfolk javelineer and a merfolk.

Vanquished Creatures
  Asterion (Elf:3)
  A deep elf master archer (Elf:3)
  A deep elf blademaster (Elf:3)
  A titan (Depths:2)
  A kraken (Shoals:4)
  A frost giant (Depths:1)
  5 deep elf sorcerers (Elf:3)
  A stone giant (Orc:3)
  A deep elf demonologist (Elf:3)
  8 deep elf annihilators
  A merfolk javelineer (Shoals:5)
  4 ettins
  4 vault guards (D:14)
  A deep elf high priest (Elf:3)
  2 deep elf death magi (Elf:3)
  A siren (Shoals:4)
  A merfolk impaler (Shoals:4)
  2 merfolk aquamancers (Shoals:5)
  An ice dragon (Depths:1)
  A fire dragon (Depths:1)
  Harold (Lair:3)
  A ravenous feature mimic (Depths:1)
  An anaconda (Lair:8)
  2 ogre magi (Orc:4)
  Erica (Lair:7)
  4 hydras
  A spectral minotaur (Elf:3)
  3 spectral elves (Elf:3)
  2 naga warriors (Depths:1)
  3 death yaks (Lair:5)
  A very ugly thing (D:16)
  An orc high priest (Elf:2)
  Nergalle (Lair:5)
  3 centaur warriors
  7 deep elf knights (Elf:3)
  An unseen horror (D:15)
  2 sea snakes (Shoals:4)
  2 deep trolls (Orc:4)
  A flayed ghost (Depths:1)
  9 wizards (D:13)
  4 deep elf conjurers
  Pikel (D:6)
  An orc knight (Orc:4)
  4 hill giants
  9 harpies
  A wolf spider zombie (D:14)
  A harpy (shapeshifter) (D:14)
  A naga ritualist (Depths:1)
  A mana viper (shapeshifter) (D:15)
  An orc sorcerer (Orc:4)
  2 moths of wrath (shapeshifter)
  2 cyclopes
  A spiny worm (Lair:8)
  9 elephants
  8 spiny frogs
  2 item mimics (D:16)
  6 griffons
  2 octopodes
  8 deep elf summoners
  A yaktaur (D:15)
  A mermaid (shapeshifter) (Elf:2)
  8 komodo dragons
  5 mermaids
  6 deep elf priests
  Grinder (D:4)
  10 trolls
  A fire drake (shapeshifter) (D:15)
  A centaur skeleton (D:15)
  A tengu conjurer (D:16)
  2 merfolk (Shoals:4)
  8 two-headed ogres
  26 slime creatures
  3 wind drakes
  2 snapping turtles
  5 blink frogs (Lair:5)
  A wyvern (D:8)
  3 basilisks
  35 yaks
  6 ugly things (D:13)
  A wraith (D:12)
  A shadow (D:15)
  Eustachio (D:6)
  9 deep elf magi
  A neqoxec (Elf:3)
  7 vampire mosquitoes (D:13)
  12 deep elf fighters
  3 sharks
  7 hippogriffs
  A hungry ghost (D:9)
  3 manticores (Shoals:4)
  A mottled dragon (D:15)
  A soldier ant (D:16)
  17 wolves
  3 nagas
  5 porcupines
  4 phantoms
  3 sky beasts
  2 orc zombies
  A slave (D:6)
  2 ice beasts (D:8)
  16 orc warriors
  5 giant goldfish (Lair:4)
  5 centaurs
  2 big kobolds
  8 crocodiles
  29 ogres
  A manticore zombie (D:9)
  A warg (Orc:3)
  A komodo dragon zombie (D:11)
  A brain worm (D:15)
  12 giant frogs
  8 water moccasins
  3 giant slugs
  7 agate snails
  A yak zombie (D:10)
  A jellyfish (Lair:4)
  A troll zombie (Orc:4)
  A quasit (D:6)
  7 killer bees
  4 electric eels
  4 crimson imps
  2 goliath beetles
  2 iron imps (Depths:1)
  2 big fish (Lair:4)
  7 hounds
  2 jellies
  20 orc priests
  A giant frog skeleton (D:5)
  Natasha (twice) (D:4)
  4 iguanas
  22 orc wizards
  9 worker ants
  2 scorpions
  An orange rat (Elf:3)
  An ogre zombie (Orc:4)
  A killer bee zombie (D:9)
  Ijyb (D:5)
  A big kobold zombie (D:12)
  A hound skeleton (D:4)
  2 mummies
  A worker ant zombie (D:9)
  16 adders
  3 giant centipedes
  2 lemures
  A giant mite (Lair:4)
  32 green rats
  A white imp (D:6)
  A worm (D:3)
  2 giant eyeballs
  117 orcs
  13 bats
  3 giant cockroaches
  8 hobgoblins
  17 jackals
  8 quokkas
  6 giant geckos
  A giant newt (D:2)
  A giant spore (D:8)
  15 goblins
  10 kobolds
  3 kobold skeletons
  A quokka skeleton (D:6)
  16 rats
  4 ballistomycetes
  A bush (Lair:8)
  2 crawling corpses (Elf:3)
  2 fungi
  9 plants
  3 tentacles (Shoals:4)
861 creatures vanquished.

Vanquished Creatures (collateral kills)
  An orc (Orc:3)
1 creature vanquished.

Vanquished Creatures (others)
  A wizard (D:13)
  An ogre (Orc:3)
  A jelly (D:8)
  An orc (Orc:3)
  2 goblins
  A giant spore (D:15)
  2 rats
  3 fungi (Lair:8)
  2 plants
  A tentacle (Shoals:4)
  5 tentacle segments (Shoals:4)
20 creatures vanquished.

Grand Total: 882 creatures vanquished

Notes
Turn   | Place    | Note
--------------------------------------------------------------
     0 | D:1      | 4tharraofdagon, the Djinni Fire Elementalist, began the quest for the Orb.
     0 | D:1      | Reached XP level 1. HP: 14/14 MP: 0/0
    62 | D:1      | Paralysed by a potion of paralysis for 6 turns
   315 | D:2      | Reached XP level 2. EP: 23/23
   564 | D:3      | Reached XP level 3. EP: 4/28
   569 | D:3      | Learned a level 3 spell: Conjure Flame
   693 | D:3      | Found a burning altar of Makhleb.
   702 | D:3      | Became a worshipper of Makhleb the Destroyer
   796 | D:3      | Reached skill level 1 in Fighting
   796 | D:3      | Reached skill level 5 in Fire Magic
   943 | D:4      | Found a shimmering altar of Xom.
   999 | D:4      | Reached XP level 4. EP: 14/36
  1074 | D:4      | Acquired Makhleb's first power
  1089 | D:4      | Learned a level 4 spell: Sticky Flame
  1139 | D:4      | Noticed Natasha
  1206 | D:4      | Noticed Grinder
  1206 | D:4      | Paralysed by Grinder for 3 turns
  1220 | D:4      | Killed Grinder
  1220 | D:4      | Reached skill level 6 in Fire Magic
  1220 | D:4      | Reached XP level 5. EP: 23/45
  1220 | D:4      | Reached XP level 6. EP: 26/52
  1302 | D:4      | Killed Natasha
  1381 | D:4      | Found a white marble altar of Elyvilon.
  1430 | D:4      | Noticed Natasha
  1436 | D:4      | Killed Natasha
  1481 | D:5      | Entered Level 5 of the Dungeon
  1569 | D:5      | Gained mutation: You have a pair of small antennae on your head. [mutagenic meat]
  1571 | D:5      | Gained mutation: You are partially covered in molten scales (AC +1). [mutagenic meat]
  1594 | D:5      | Noticed Ijyb
  1607 | D:5      | Reached skill level 7 in Fire Magic
  1622 | D:5      | Killed Ijyb
  1622 | D:5      | Reached XP level 7. EP: 38/60
  1676 | D:5      | Acquired Makhleb's second power
  1754 | D:5      | Reached skill level 5 in Conjurations
  2175 | D:5      | Learned a level 5 spell: Fireball
  2190 | D:4      | Found a glowing silver altar of Zin.
  2261 | D:6      | Reached skill level 8 in Fire Magic
  2347 | D:6      | Reached XP level 8. EP: 26/70
  2539 | D:6      | Noticed Eustachio
  2547 | D:6      | Killed Eustachio
  2547 | D:6      | Acquired Makhleb's third power
  2593 | D:6      | Found a staircase to the Ecumenical Temple.
  2619 | D:6      | Noticed Pikel
  2627 | D:6      | Killed Pikel
  2627 | D:6      | Reached skill level 5 in Spellcasting
  2627 | D:6      | Reached skill level 9 in Fire Magic
  2822 | D:7      | Reached XP level 9. EP: 56/79
  2831 | D:7      | Reached skill level 10 in Fire Magic
  2856 | D:7      | Found Zaywa's Assorted Antiques.
  2907 | D:7      | Bought a potion of curing for 72 gold pieces
  2907 | D:7      | Bought a slimy black potion for 32 gold pieces
  2907 | D:7      | Bought a potion of heal wounds for 108 gold pieces
  3296 | D:8      | Acquired Makhleb's fourth power
  3431 | D:9      | Reached skill level 11 in Fire Magic
  3729 | D:8      | Reached skill level 5 in Fighting
  3846 | D:10     | Entered Level 10 of the Dungeon
  3857 | D:10     | Reached XP level 10. EP: 46/90
  3907 | D:10     | Acquired Makhleb's fifth power
  4119 | D:10     | Reached skill level 12 in Fire Magic
  4152 | D:10     | Found a staircase to the Lair.
  4194 | Lair:1   | Entered Level 1 of the Lair of Beasts
  4298 | Lair:1   | Paralysed by a giant eyeball for 4 turns
  4417 | Lair:1   | Got a shimmering quarterstaff
  4418 | Lair:1   | Identified the +7,+5 quarterstaff of Demonkind {crush, Dex-1} (You found it on level 1 of the Lair of Beasts)
  4714 | Lair:2   | Reached skill level 10 in Conjurations
  4996 | Lair:2   | Learned a level 3 spell: Regeneration
  5014 | Lair:2   | Reached skill level 1 in Charms
  5164 | Lair:5   | Noticed an elephant
  5164 | Lair:5   | Noticed an elephant
  5164 | Lair:5   | Noticed an elephant
  5166 | Lair:5   | Noticed an elephant
  5166 | Lair:5   | Noticed an elephant
  5266 | Lair:4   | Reached skill level 1 in Necromancy
  5463 | Lair:6   | Reached XP level 11. EP: 86/98
  5471 | Lair:6   | Noticed an eight-headed hydra
  5484 | Lair:6   | Killed an eight-headed hydra
  5484 | Lair:6   | Reached skill level 13 in Fire Magic
  5491 | Lair:6   | Noticed a four-headed hydra
  5496 | Lair:6   | Killed a four-headed hydra
  5574 | Lair:5   | Noticed a griffon
  5581 | Lair:5   | Killed a griffon
  5658 | Lair:5   | Killed an elephant
  5695 | Lair:6   | Noticed a griffon
  5704 | Lair:6   | Killed a griffon
  5883 | Lair:7   | Learned a level 4 spell: Iskenderun's Battlesphere
  5893 | Lair:7   | Noticed Erica
  5899 | Lair:7   | Killed Erica
  6003 | Lair:8   | Entered Level 8 of the Lair of Beasts
  6031 | Lair:8   | Reached skill level 14 in Fire Magic
  6114 | Lair:8   | Got a jewelled leather armour
  6123 | Lair:8   | Identified the +3 leather armour of Ustaog {Str+3 Int-5} (You found it on level 8 of the Lair of Beasts)
  6232 | Lair:8   | Reached XP level 12. EP: 21/110
  6992 | Lair:8   | Noticed an anaconda
  6997 | Lair:8   | Killed an anaconda
  6997 | Lair:8   | Reached skill level 15 in Fire Magic
  7030 | Lair:8   | Noticed a dire elephant
  7030 | Lair:8   | Noticed a dire elephant
  7078 | Lair:8   | Noticed a dire elephant
  7101 | Lair:8   | HP: 1/129 [dire elephant (9)]
  7320 | Lair:6   | Noticed a seven-headed hydra
  7399 | Lair:5   | Noticed a seven-headed hydra
  7407 | Lair:5   | Killed a seven-headed hydra
  7473 | Lair:5   | Found a staircase to the Snake Pit.
  7541 | Lair:4   | Noticed Nergalle
  7549 | Lair:5   | Killed Nergalle
  7768 | Lair:3   | Noticed Harold
  7780 | Lair:3   | Killed Harold
  8018 | D:11     | Found Lailaomo's Jewellery Boutique.
  8057 | D:11     | Bought an uncursed ring of wizardry for 330 gold pieces
  8067 | D:11     | Learned a level 6 spell: Iron Shot
  8174 | D:13     | Reached skill level 16 in Fire Magic
  8214 | D:13     | Reached XP level 13. EP: 67/119
  8332 | D:13     | :(
  8373 | D:13     | Reached skill level 10 in Spellcasting
  8392 | D:13     | Gained mutation: You passively map a small area around you. [mutagenic meat]
  8399 | D:13     | Gained mutation: Your vision is a little blurry. [mutagenic meat]
  8401 | D:13     | Gained mutation: Your muscles are strong. (Str +2) [mutagenic meat]
  8402 | D:13     | Gained mutation: Space occasionally distorts in your vicinity. [mutagenic meat]
  8413 | D:13     | Gained mutation: Your magical capacity is low (-10% MP). [mutagenic meat]
  8414 | D:13     | Gained mutation: You can spit poison. [mutagenic meat]
  8416 | D:13     | RIP
  8540 | D:14     | Gained mutation: You are clumsy. (Dex -2) [mutagenic meat]
  8541 | D:14     | Gained mutation: You are very clumsy. (Dex -4) [mutagenic meat]
  8555 | D:14     | Reached skill level 17 in Fire Magic
  8571 | D:14     | Lost mutation: You have a pair of small antennae on your head. [potion of cure mutation]
  8571 | D:14     | Lost mutation: You are partially covered in molten scales (AC +1). [potion of cure mutation]
  8571 | D:14     | Lost mutation: Your vision is a little blurry. [potion of cure mutation]
  8571 | D:14     | Lost mutation: You can spit poison. [potion of cure mutation]
  8571 | D:14     | Lost mutation: You passively map a small area around you. [potion of cure mutation]
  8572 | D:14     | :D
  8649 | D:13     | Paralysed by a giant eyeball for 4 turns
  9064 | D:10     | Noticed a hill giant
  9085 | D:10     | Killed a hill giant
  9091 | D:10     | Found a staircase to the Orcish Mines.
  9159 | Orc:1    | Entered Level 1 of the Orcish Mines
  9625 | Orc:3    | Found a staircase to the Elven Halls.
  9658 | Orc:3    | Found a roughly hewn altar of Beogh.
 10214 | Orc:4    | Entered Level 4 of the Orcish Mines
 10224 | Orc:4    | Noticed a stone giant
 10251 | Orc:3    | Killed a stone giant
 10439 | Orc:4    | Found a bloodstained altar of Trog.
 10527 | Orc:4    | Found Jeyl's Food Emporium.
 10548 | Orc:4    | Reached XP level 14. EP: 65/123
 10565 | Orc:3    | Reached skill level 18 in Fire Magic
 10741 | Orc:4    | Found Phoalir's Gadget Boutique.
 10769 | Orc:4    | Reached skill level 15 in Conjurations
 10888 | Orc:4    | Found Gan Maec's Food Shoppe.
 10889 | Orc:4    | Found Nafom's General Store.
 10896 | Orc:4    | Bought an uncursed amulet of stasis for 245 gold pieces
 10896 | Orc:4    | Bought a potion of heal wounds for 42 gold pieces
 10990 | Orc:4    | Bought a book of Cantrips for 280 gold pieces
 10993 | Orc:4    | Learned a level 1 spell: Apportation
 11037 | Elf:1    | Entered Level 1 of the Elven Halls
 11260 | Elf:3    | Entered Level 3 of the Elven Halls
 11415 | Elf:3    | Found Gosolaw's Assorted Antiques.
 11419 | Elf:3    | Bought a long glowing staff for 240 gold pieces
 11440 | Elf:3    | Reached skill level 1 in Shields
 11458 | Elf:3    | Lost mutation: You are very clumsy. (Dex -4) [mutagenic meat]
 11459 | Elf:3    | Lost mutation: You are clumsy. (Dex -2) [mutagenic meat]
 11460 | Elf:3    | Gained mutation: You passively map a small area around you. [mutagenic meat]
 11461 | Elf:3    | Gained mutation: You are robust (+10% HP). [mutagenic meat]
 11493 | Elf:3    | :(
 11518 | Elf:3    | Noticed a deep elf blademaster
 11521 | Elf:3    | Killed a deep elf blademaster
 11526 | Elf:3    | Noticed Asterion
 11527 | Elf:3    | Noticed a deep elf master archer
 11532 | Elf:3    | Noticed a deep elf sorcerer
 11533 | Elf:3    | Killed a deep elf master archer
 11537 | Elf:3    | Killed Asterion
 11537 | Elf:3    | Reached skill level 19 in Fire Magic
 11540 | Elf:3    | Noticed a deep elf sorcerer
 11725 | Elf:3    | Noticed a deep elf sorcerer
 11726 | Elf:3    | Killed a deep elf sorcerer
 11727 | Elf:3    | Noticed a deep elf sorcerer
 11728 | Elf:3    | Killed a deep elf sorcerer
 11731 | Elf:3    | Killed a deep elf sorcerer
 11734 | Elf:3    | Killed a deep elf sorcerer
 11919 | Elf:3    | Reached XP level 15. EP: 119/129
 12022 | Elf:3    | Noticed a deep elf sorcerer
 12026 | Elf:3    | Killed a deep elf sorcerer
 12126 | Elf:3    | Got a steaming spear
 12246 | Elf:3    | Got a bronze ring mail
 12276 | Elf:3    | Identified the Catalogue of the Unstable Blaze (You found it on level 3 of the Elven Halls)
 12292 | Elf:3    | Identified the +0,+5 spear "Oda Ceax" {drain, SInv} (You found it on level 3 of the Elven Halls)
 12294 | Elf:3    | Got a pitted cloak
 12298 | Elf:3    | Identified the +1 cloak of Jodghire {+Rage +Fly MR+ SInv} (You found it on level 3 of the Elven Halls)
 12311 | Elf:3    | Learned a level 7 spell: Delayed Fireball
 12338 | Elf:3    | Learned a level 2 spell: Sublimation of Blood
 12496 | Elf:2    | Gained mutation: Your magical capacity is very low (-20% MP). [mutagenic meat]
 12497 | Elf:2    | Gained mutation: You are resistant to electric shocks. [mutagenic meat]
 12838 | D:14     | Reached skill level 20 in Fire Magic
 12887 | D:14     | Found a gate to the Vaults.
 12893 | D:14     | Reached skill level 1 in Translocations
 12982 | D:15     | Entered Level 15 of the Dungeon
 13190 | D:15     | Identified a +4 rod of warding (9/9) (You found it on level 15 of the Dungeon)
 13291 | D:16     | Entered Level 16 of the Dungeon
 13304 | D:16     | Lost mutation: Your magical capacity is very low (-20% MP). [potion of mutation]
 13304 | D:16     | Gained mutation: You are very robust (+20% HP). [potion of mutation]
 13304 | D:16     | Lost mutation: Your magical capacity is low (-10% MP). [potion of mutation]
 13376 | D:16     | Gained mutation: You have a pair of small antennae on your head. [potion of beneficial mutation]
 13446 | D:16     | Found a staircase to the Depths.
 13515 | Depths:1 | Entered Level 1 of the Depths
 13537 | Depths:1 | Found a one-way gate leading to the halls of Pandemonium.
 13778 | Depths:1 | Learned a level 6 spell: Freezing Cloud
 13847 | Depths:2 | Noticed a titan
 13855 | Depths:2 | Noticed a golden dragon
 13855 | Depths:2 | Killed a titan
 13886 | Depths:2 | Reached XP level 16. EP: 59/162
 13890 | Depths:2 | Noticed a titan
 13927 | Depths:1 | Found a one-way gate to the infinite horrors of the Abyss.
 14089 | D:16     | Learned a level 2 spell: Repel Missiles
 14092 | D:16     | Learned a level 2 spell: Blink
 14795 | Lair:5   | Found a staircase to the Shoals.
 14800 | Lair:5   | Noticed a death yak
 14803 | Lair:5   | Noticed a death yak
 14804 | Lair:5   | Noticed a death yak
 14805 | Lair:5   | Killed a death yak
 14806 | Lair:5   | Killed a death yak
 14806 | Lair:5   | Reached skill level 21 in Fire Magic
 14808 | Lair:5   | Killed a death yak
 14830 | Shoals:1 | Entered Level 1 of the Shoals
 15090 | Shoals:4 | Found Miucoadgh's Book Emporium.
 15195 | Shoals:5 | Entered Level 5 of the Shoals
 15256 | Shoals:5 | Slain by a merfolk

Action                   |  1- 3 |  4- 6 |  7- 9 | 10-12 | 13-15 | 16-18 || total
-------------------------+-------+-------+-------+-------+-------+-------++-------
Melee: Hand axe          |    21 |    23 |    57 |       |       |       ||   101
       Whip              |       |       |    87 |    41 |       |       ||   128
       Quarterstaff      |       |       |       |   183 |   185 |       ||   368
       Battleaxe         |       |       |       |     1 |       |       ||     1
       Unarmed           |       |       |       |       |     3 |       ||     3
       Staff             |       |       |       |       |    68 |    18 ||    86
 Cast: Flame Tongue      |    54 |    25 |    94 |    26 |       |       ||   199
       Conjure Flame     |     1 |     2 |    22 |    68 |    24 |     1 ||   118
       Sticky Flame      |       |     5 |    28 |    70 |    69 |     5 ||   177
       Fireball          |       |       |       |    94 |   323 |   107 ||   524
       Regeneration      |       |       |       |   145 |   259 |    46 ||   450
       Iskenderun's Batt |       |       |       |     1 |    45 |     8 ||    54
       Apportation       |       |       |       |       |    17 |    15 ||    32
       Sublimation of Bl |       |       |       |       |     7 |       ||     7
       Delayed Fireball  |       |       |       |       |     1 |       ||     1
       Iron Shot         |       |       |       |       |       |     5 ||     5
 Abil: Release Delayed F |       |       |       |       |       |     1 ||     1
Evoke: Wand              |     2 |       |     7 |     7 |    14 |       ||    30
  Use: Potion            |     5 |     4 |     5 |     9 |    11 |       ||    34
       Scroll            |       |     1 |     7 |    17 |    19 |     2 ||    46
 Stab: Sleeping          |     2 |       |       |     1 |     1 |       ||     4
       Distracted        |       |       |       |       |     1 |       ||     1
